[ AOE2 MATCH · #507551299 ]
UnrankedArmenians vs Tatars
Player's team · WIN
Rival team · LOSS
[ REPLAY ANALYSIS · EXTRACTED FROM THE RECORDED GAME ]
Feudal
12:40
Castle
19:38
Imperial
31:11
| APM avg | 67.4 |
| APM peak | 108 |
| eAPM avg | 27.2 |
| Villagers / military | 146 / 144 |
Focus
⚔️ 48.2% · 🌾 51.8%
Archer ×95 · Skirmisher ×29 · Spearman ×11 · Trebuchet (Packed) ×5 · Mangonel ×2 · Monk ×1
Feudal
9:44
Castle
19:57
Imperial
37:31
| APM avg | 68.7 |
| APM peak | 96 |
| eAPM avg | 30.2 |
| Villagers / military | 130 / 142 |
Focus
⚔️ 37.8% · 🌾 62.2%
Cavalry Archer ×78 · Scout Cavalry ×21 · Knight ×12 · Mangonel ×11 · Archer ×8 · Spearman ×5
Match map
Initial resources + every placement click. Lines = walls · curves = elevation contours. ◆ gold · ⬟ stone · ● berries · ✦ relic · ◌ wall gap
Your base· ✓ Closed at 19:38 · 49t walls · no gate
NoToxic_MK's base· ✓ Closed at 19:57 · 58t walls · 3 gate(s)
Smoothed initial terrain · ◌ = detected wall gap · hover for details
Inputs per minute
— PWLG | Legend - - NoToxic_MK
Build order — PWLG | Legend
First 150 of 446 actions detected
| 0:01 | Queue | Villager (Male) |
| 0:01 | Research | Loom |
| 0:01 | Queue | Villager (Male) |
| 0:02 | Queue | Villager (Male) |
| 0:02 | Queue | Villager (Male) |
| 0:03 | Build | House |
| 0:04 | Build | House |
| 1:14 | Queue | Villager (Male) |
| 1:38 | Build | Mule Cart |
| 2:00 | Queue | Villager (Male) |
| 2:24 | Queue | Villager (Male) |
| 2:52 | Queue | Villager (Male) |
| 2:52 | Queue | Villager (Male) |
| 3:07 | Build | House |
| 3:16 | Queue | Villager (Male) |
| 3:16 | Queue | Villager (Male) |
| 3:36 | Build | Barracks |
| 3:46 | Queue | Villager (Male) |
| 3:46 | Queue | Villager (Male) |
| 4:12 | Queue | Villager (Male) |
| 4:16 | Build | House |
| 4:34 | Queue | Villager (Male) |
| 4:38 | Queue | Spearman |
| 4:43 | Build | Palisade Wall |
| 4:59 | Queue | Villager (Male) |
| 5:05 | Queue | Spearman |
| 5:25 | Queue | Villager (Male) |
| 5:30 | Queue | Spearman |
| 5:35 | Build | House |
| 5:55 | Queue | Villager (Male) |
| 5:55 | Queue | Villager (Male) |
| 6:23 | Build | Mill |
| 6:34 | Queue | Villager (Male) |
| 6:35 | Queue | Villager (Male) |
| 6:53 | Queue | Villager (Male) |
| 7:07 | Queue | Villager (Male) |
| 7:10 | Build | Farm |
| 7:27 | Queue | Villager (Male) |
| 7:42 | Queue | Villager (Male) |
| 7:43 | Queue | Villager (Male) |
| 7:50 | Queue | Villager (Male) |
| 7:58 | Build | Farm |
| 8:26 | Queue | Villager (Male) |
| 8:32 | Build | Farm |
| 8:36 | Build | House |
| 9:17 | Build | Farm |
| 9:42 | Build | House |
| 9:51 | Build | House |
| 9:53 | Build | Palisade Wall |
| 9:57 | Research | Loom |
| 9:58 | Research | Feudal Age |
| 10:47 | Build | Mule Cart |
| 11:27 | Build | Palisade Wall |
| 11:39 | Build | Farm |
| 11:56 | Build | Farm |
| 12:02 | Build | House |
| 12:07 | Build | Palisade Wall |
| 12:19 | Queue | Villager (Male) |
| 12:25 | Build | Farm |
| 12:40 | Age | Feudal Age |
| 12:48 | Build | Archery Range |
| 12:54 | Research | Double-Bit Axe |
| 12:54 | Research | Double-Bit Axe |
| 12:57 | Queue | Villager (Male) |
| 13:23 | Build | Mule Cart |
| 13:31 | Build | Farm |
| 13:32 | Queue | Villager (Male) |
| 13:33 | Queue | Villager (Male) |
| 13:42 | Queue | Skirmisher |
| 13:42 | Queue | Skirmisher |
| 13:58 | Build | House |
| 14:01 | Queue | Villager (Male) |
| 14:14 | Queue | Skirmisher |
| 14:30 | Build | Blacksmith |
| 14:32 | Build | Palisade Wall |
| 14:43 | Build | Farm |
| 14:45 | Build | Farm |
| 14:47 | Build | Farm |
| 14:50 | Queue | Villager (Male) |
| 14:52 | Queue | Skirmisher |
| 15:04 | Build | Blacksmith |
| 15:09 | Build | Palisade Wall |
| 15:13 | Queue | Villager (Male) |
| 15:39 | Build | Palisade Wall |
| 15:45 | Queue | Villager (Male) |
| 16:08 | Build | Farm |
| 16:09 | Build | Farm |
| 16:11 | Build | Farm |
| 16:11 | Queue | Villager (Male) |
| 16:14 | Build | Farm |
| 16:16 | Build | House |
| 16:58 | Research | Castle Age |
| 17:01 | Build | Farm |
| 17:25 | Build | House |
| 17:26 | Build | House |
| 17:31 | Research | Padded Archer Armor |
| 17:55 | Research | Horse Collar |
| 17:58 | Research | Gold Mining |
| 18:02 | Research | Horse Collar |
| 18:14 | Build | Farm |
| 18:16 | Build | Farm |
| 18:17 | Queue | Skirmisher |
| 18:17 | Queue | Skirmisher |
| 18:18 | Queue | Skirmisher |
| 18:18 | Queue | Skirmisher |
| 18:23 | Research | Fletching |
| 18:23 | Research | Fletching |
| 18:31 | Build | Farm |
| 18:35 | Research | Town Watch |
| 18:35 | Research | Town Watch |
| 18:49 | Build | House |
| 18:59 | Research | Gold Mining |
| 19:06 | Queue | Skirmisher |
| 19:08 | Queue | Spearman |
| 19:22 | Queue | Skirmisher |
| 19:38 | Age | Castle Age |
| 19:50 | Build | Town Center |
| 19:56 | Research | Wheelbarrow |
| 20:00 | Research | Elite Skirmisher (upgrade) |
| 20:16 | Research | Leather Archer Armor |
| 20:51 | Queue | Villager (Male) |
| 21:04 | Build | House |
| 21:05 | Queue | Villager (Male) |
| 21:07 | Queue | Villager (Male) |
| 21:27 | Queue | Villager (Male) |
| 21:34 | Queue | Skirmisher |
| 21:34 | Queue | Skirmisher |
| 21:49 | Queue | Villager (Male) |
| 21:53 | Research | Bodkin Arrow |
| 22:12 | Build | Monastery |
| 22:13 | Queue | Villager (Male) |
| 22:18 | Queue | Skirmisher |
| 22:19 | Queue | Villager (Male) |
| 22:21 | Queue | Villager (Male) |
| 22:28 | Build | Outpost |
| 22:30 | Build | Outpost |
| 22:34 | Build | Farm |
| 22:36 | Build | Farm |
| 22:39 | Queue | Villager (Male) |
| 22:42 | Build | Farm |
| 22:45 | Queue | Villager (Male) |
| 22:54 | Build | Farm |
| 22:55 | Queue | Villager (Male) |
| 22:57 | Queue | Skirmisher |
| 22:57 | Queue | Skirmisher |
| 22:58 | Queue | Skirmisher |
| 22:59 | Queue | Skirmisher |
| 23:01 | Queue | Monk |
| 23:06 | Build | House |
| 23:09 | Build | Farm |
Build order — NoToxic_MK
First 150 of 346 actions detected
| 0:00 | Queue | Villager (Male) |
| 0:01 | Queue | Villager (Male) |
| 0:01 | Queue | Villager (Male) |
| 0:02 | Build | House |
| 0:04 | Build | House |
| 0:08 | Queue | Villager (Male) |
| 1:24 | Queue | Villager (Male) |
| 1:24 | Queue | Villager (Male) |
| 1:49 | Queue | Villager (Male) |
| 1:50 | Queue | Villager (Male) |
| 2:11 | Build | Lumber Camp |
| 2:29 | Queue | Villager (Male) |
| 2:29 | Queue | Villager (Male) |
| 2:49 | Queue | Villager (Male) |
| 2:49 | Queue | Villager (Male) |
| 3:05 | Queue | Villager (Male) |
| 3:05 | Queue | Villager (Male) |
| 3:42 | Queue | Villager (Male) |
| 3:43 | Queue | Villager (Male) |
| 3:49 | Build | House |
| 4:01 | Queue | Villager (Male) |
| 4:01 | Queue | Villager (Male) |
| 4:06 | Queue | Villager (Male) |
| 4:06 | Queue | Villager (Male) |
| 4:15 | Build | Mill |
| 4:50 | Queue | Villager (Male) |
| 4:50 | Queue | Villager (Male) |
| 5:32 | Queue | Villager (Male) |
| 5:33 | Queue | Villager (Male) |
| 5:46 | Queue | Villager (Male) |
| 5:58 | Build | House |
| 6:05 | Research | Loom |
| 6:26 | Build | Palisade Wall |
| 6:27 | Build | Palisade Wall |
| 6:27 | Build | Palisade Wall |
| 6:35 | Build | Palisade Wall |
| 6:36 | Build | Palisade Wall |
| 6:41 | Build | Palisade Wall |
| 6:42 | Queue | Villager (Male) |
| 6:46 | Build | Palisade Gate |
| 6:48 | Queue | Villager (Male) |
| 7:07 | Build | House |
| 7:09 | Queue | Villager (Male) |
| 7:29 | Research | Feudal Age |
| 7:29 | Research | Feudal Age |
| 7:29 | Research | Feudal Age |
| 7:58 | Build | Lumber Camp |
| 8:05 | Build | House |
| 8:07 | Build | House |
| 8:16 | Build | Palisade Gate |
| 8:31 | Queue | Villager (Male) |
| 8:45 | Build | Mining Camp |
| 9:37 | Queue | Villager (Male) |
| 9:41 | Build | Barracks |
| 9:44 | Age | Feudal Age |
| 9:48 | Research | Double-Bit Axe |
| 9:48 | Research | Double-Bit Axe |
| 10:09 | Queue | Villager (Male) |
| 10:32 | Build | Archery Range |
| 10:42 | Queue | Villager (Male) |
| 10:46 | Queue | Villager (Male) |
| 10:51 | Build | Palisade Wall |
| 10:57 | Build | House |
| 11:15 | Build | Farm |
| 11:22 | Queue | Archer |
| 11:22 | Queue | Archer |
| 11:28 | Build | Farm |
| 11:49 | Build | House |
| 11:51 | Queue | Villager (Male) |
| 11:54 | Build | Farm |
| 11:56 | Queue | Archer |
| 12:17 | Queue | Villager (Male) |
| 12:18 | Queue | Villager (Male) |
| 12:19 | Queue | Villager (Male) |
| 12:25 | Queue | Villager (Male) |
| 12:29 | Build | Blacksmith |
| 12:46 | Queue | Archer |
| 12:58 | Build | House |
| 12:59 | Build | Palisade Wall |
| 13:08 | Research | Fletching |
| 13:15 | Queue | Villager (Male) |
| 13:26 | Build | Farm |
| 13:31 | Build | Farm |
| 13:36 | Build | Farm |
| 13:39 | Build | Farm |
| 13:40 | Build | Farm |
| 13:44 | Build | House |
| 13:45 | Build | Palisade Wall |
| 13:54 | Queue | Villager (Male) |
| 13:57 | Build | House |
| 13:59 | Build | House |
| 14:03 | Build | House |
| 14:03 | Queue | Villager (Male) |
| 14:06 | Build | Farm |
| 14:15 | Queue | Villager (Male) |
| 14:19 | Queue | Villager (Male) |
| 14:21 | Queue | Archer |
| 14:21 | Queue | Archer |
| 14:30 | Queue | Villager (Male) |
| 14:37 | Queue | Villager (Male) |
| 14:41 | Build | Palisade Wall |
| 14:42 | Build | Palisade Wall |
| 14:43 | Build | Palisade Wall |
| 14:45 | Build | Palisade Wall |
| 14:46 | Queue | Villager (Male) |
| 15:02 | Queue | Villager (Male) |
| 15:04 | Build | House |
| 15:05 | Queue | Villager (Male) |
| 15:06 | Queue | Archer |
| 15:12 | Build | Farm |
| 15:24 | Queue | Villager (Male) |
| 15:33 | Build | Farm |
| 15:34 | Build | Farm |
| 15:38 | Build | Farm |
| 15:42 | Build | Farm |
| 15:46 | Queue | Villager (Male) |
| 15:51 | Build | House |
| 16:01 | Queue | Villager (Male) |
| 16:12 | Queue | Villager (Male) |
| 16:13 | Queue | Archer |
| 16:26 | Queue | Villager (Male) |
| 16:29 | Build | Farm |
| 16:30 | Build | Farm |
| 17:05 | Build | Archery Range |
| 17:17 | Research | Castle Age |
| 17:17 | Research | Castle Age |
| 17:50 | Research | Padded Archer Armor |
| 17:58 | Research | Gold Mining |
| 17:58 | Research | Gold Mining |
| 18:14 | Queue | Villager (Male) |
| 18:20 | Build | House |
| 18:22 | Build | Palisade Wall |
| 18:23 | Build | Palisade Wall |
| 18:23 | Build | Palisade Wall |
| 18:27 | Build | Palisade Gate |
| 18:36 | Build | House |
| 19:05 | Build | Stable |
| 19:35 | Queue | Villager (Male) |
| 19:40 | Research | Wheelbarrow |
| 19:43 | Build | Palisade Wall |
| 19:57 | Age | Castle Age |
| 20:02 | Research | Bodkin Arrow |
| 20:03 | Queue | Cavalry Archer ×5 |
| 20:19 | Build | Town Center |
| 20:29 | Queue | Cavalry Archer |
| 20:31 | Queue | Villager (Male) |
| 21:02 | Queue | Villager (Male) |
| 21:05 | Build | Siege Workshop |
| 21:16 | Research | Husbandry |
| 21:20 | Queue | Cavalry Archer |
Match timeline
| 3:36 | PWLG | Legend · first_building Barracks |
| 4:43 | PWLG | Legend · wall_segment Palisade Wall x4 |
| 6:26 | NoToxic_MK · wall_segment Palisade Wall x1 |
| 6:27 | NoToxic_MK · wall_segment Palisade Wall x1 |
| 6:27 | NoToxic_MK · wall_segment Palisade Wall x1 |
| 6:35 | NoToxic_MK · wall_segment Palisade Wall x1 |
| 6:36 | NoToxic_MK · wall_segment Palisade Wall x1 |
| 6:41 | NoToxic_MK · wall_segment Palisade Wall x1 |
| 9:41 | NoToxic_MK · first_building Barracks |
| 9:44 | NoToxic_MK · age_up feudal |
| 9:53 | PWLG | Legend · wall_segment Palisade Wall x9 |
| 10:32 | NoToxic_MK · first_building Archery Range |
| 10:51 | NoToxic_MK · wall_segment Palisade Wall x16 |
| 11:27 | PWLG | Legend · wall_segment Palisade Wall x20 |
| 12:07 | PWLG | Legend · wall_segment Palisade Wall x6 |
| 12:40 | PWLG | Legend · age_up feudal |
| 12:48 | PWLG | Legend · first_building Archery Range |
| 12:59 | NoToxic_MK · wall_segment Palisade Wall x3 |
| 13:45 | NoToxic_MK · wall_segment Palisade Wall x4 |
| 14:32 | PWLG | Legend · wall_segment Palisade Wall x3 |
| 14:41 | NoToxic_MK · wall_segment Palisade Wall x7 |
| 14:42 | NoToxic_MK · wall_segment Palisade Wall x8 |
| 14:43 | NoToxic_MK · wall_segment Palisade Wall x6 |
| 14:45 | NoToxic_MK · wall_segment Palisade Wall x2 |
| 15:09 | PWLG | Legend · wall_segment Palisade Wall x7 |
| 15:39 | PWLG | Legend · wall_segment Palisade Wall x1 |
| 18:22 | NoToxic_MK · wall_segment Palisade Wall x1 |
| 18:23 | NoToxic_MK · wall_segment Palisade Wall x5 |
| 18:23 | NoToxic_MK · wall_segment Palisade Wall x1 |
| 19:05 | NoToxic_MK · first_building Stable |
| 19:38 | PWLG | Legend · age_up castle |
| 19:43 | NoToxic_MK · wall_segment Palisade Wall x1 |
| 19:57 | NoToxic_MK · age_up castle |
| 21:05 | NoToxic_MK · first_building Siege Workshop |
| 22:12 | PWLG | Legend · first_building Monastery |
| 24:11 | NoToxic_MK · first_building Monastery |
| 24:52 | PWLG | Legend · first_building Siege Workshop |
| 25:10 | PWLG | Legend · wall_segment Palisade Wall x1 |
| 26:47 | PWLG | Legend · first_market_buy 100 stone |
| 27:51 | PWLG | Legend · first_market_sell 100 wood |
| 31:11 | PWLG | Legend · age_up imperial |
| 37:31 | NoToxic_MK · age_up imperial |
| 37:48 | PWLG | Legend · first_building Castle |
| 40:51 | NoToxic_MK · first_market_sell 100 wood |
| 41:59 | PWLG | Legend · wall_segment Stone Wall x9 |
| 42:54 | NoToxic_MK · resign |
[ AI ANALYSIS · 1 CREDIT ]
What really happened in this match?
Wolo.gg analyzes every decision: build order, eco, micro, common mistakes by bracket. Personalized analysis on WhatsApp or Discord in 30 seconds.
Civ guide
Armenians
Perfil
PWLG | Legend